 Dungeon Crawl Stone Soup version 0.31-a0-848-gaac375c287 (webtiles) character file.

Game seed: 13821119273138861486

48 Kurtz the Sneak (level 3, 18/18 HPs)
             Began as a Felid Delver on Oct 4, 2023.
             Quit the game on level 4 of the Dungeon.
             The game lasted 00:01:50 (417 turns).

Kurtz the Sneak (Felid Delver)                       Turns: 417, Time: 00:01:51

Health: 18/18      AC:  1    Str: 10    XL:     3   Next: 50%
Magic:  4/4        EV: 18    Int: 11    God:
Gold:   63         SH:  0    Dex: 17    Spells: 2/2 levels left
                                        Lives:  0   Deaths: 1

rFire   . .          .
                       - Unarmed
rCold   . . .        (shield unavailable)
rNeg    . . .        (body armour unavailable)
rPois   .            (helmet unavailable)
rElec   .            (cloak unavailable)
rCorr   .            (gloves unavailable)
SInv    +            (boots unavailable)
Will    .....        (no amulet)
Stlth   +++          (no ring)
HPRegen 0.23/turn    (no ring)
MPRegen 0.09/turn

%: no passive effects
@: quick
A: very small, claws 1, fangs 3, see invisible, speed 1, shaggy fur 1, stealthy
paws, no weapons or thrown items, no armour, multi-lived
a: no special abilities


You were on level 4 of the Dungeon.
You visited 1 branch of the dungeon, and saw 2 of its levels.

You collected 63 gold pieces.

Inventory:

Talismans
 f - a beast talisman
Wands
 e - a wand of digging (3)
Scrolls
 a - a scroll of fog
 b - a scroll of revelation
 c - a scroll of fear


   Skills:
 - Level 3.9 Fighting
 - Level 3.0 Dodging
 - Level 6.6 Stealth
 - Level 2.9 Unarmed Combat
 * Level 0.2 Shapeshifting


You had 2 spell levels left.
You didn't know any spells.
Your spell library was empty.

Dungeon Overview and Level Annotations

Branches:
Dungeon (5/15)
 Temple: D:4-7

Altars:

Annotations:
D:4 exclusions: door and phantom
D:5 exclusions: iguana and ogre, Eustachio


Innate Abilities, Weirdness & Mutations

You have sharp claws.
You have razor-sharp teeth.
You have supernaturally acute eyesight. (SInv)
You cover ground quickly. (Speed+)
You are covered in fur. (AC +1)
Your paws help you pounce on unaware monsters.
You are incapable of wielding weapons or throwing items.
You cannot wear armour.
You gain extra lives every three experience levels.


Message History

The gnoll sergeant is lightly wounded.
The gnoll sergeant hits you with a +0 spear.
You scratch the gnoll sergeant.
The gnoll sergeant is moderately wounded.
You scratch the gnoll sergeant but do no damage.
The gnoll sergeant is moderately wounded.
The gnoll sergeant hits you with a +0 spear!
You barely miss the gnoll sergeant.
You bite the gnoll sergeant, but do no damage.
The gnoll sergeant is moderately wounded.
The gnoll sergeant hits you with a +0 spear.
* * * LOW HITPOINT WARNING * * *
You barely miss the gnoll sergeant.
The gnoll sergeant is moderately wounded.
You barely miss the gnoll sergeant.
The gnoll sergeant is moderately wounded.
The gnoll sergeant closely misses you.
You scratch the gnoll sergeant. You bite the gnoll sergeant.
The gnoll sergeant is heavily wounded.
The gnoll sergeant misses you.
You scratch the gnoll sergeant but do no damage.
You bite the gnoll sergeant, but do no damage.
The gnoll sergeant is heavily wounded.
You closely miss the gnoll sergeant. You bite the gnoll sergeant.
The gnoll sergeant is severely wounded.
The gnoll sergeant closely misses you.
You scratch the gnoll sergeant. You bite the gnoll sergeant.
The gnoll sergeant is severely wounded.
The gnoll sergeant completely misses you.
You scratch the gnoll sergeant but do no damage.
The gnoll sergeant is severely wounded.
You completely miss the gnoll sergeant.
The gnoll sergeant is severely wounded.
The gnoll sergeant hits you with a +0 spear.
You die...
You rejoin the land of the living...
Unknown command.
Unknown command.
Unknown command.
Are you sure you want to abandon this character and quit the game? (Confirm with "yes".)

#...g...# #.......#
#.....# #...#
####'#######+####.
.......g†.........
................# #
................##.###..
####'#######+##.@.......
#...# ####.####.
##.....# # #.......#
#...r...# #...)... ##...
.# .#######


There were no monsters in sight!

Vanquished Creatures
  A hound (D:4)
  An adder (D:5)
  An orc (D:4)
  2 goblins (D:4)
  A hobgoblin (D:4)
  A kobold (D:4)
7 creatures vanquished.

Notes
Turn   | Place    | Note
-------+----------+-------------------------------------------
     0 | D:5      | Kurtz the Felid Delver began the quest for the Orb.
     0 | D:5      | Reached XP level 1. HP: 10/10 MP: 2/2
    44 | D:5      | Reached XP level 2. HP: 14/14 MP: 3/3
    92 | D:5      | Noticed Eustachio
    99 | D:5      | Noticed an ogre
   129 | D:4      | Reached XP level 3. HP: 5/18 MP: 4/4
   235 | D:4      | Noticed a phantom
   252 | D:4      | Noticed a gnoll sergeant
   324 | D:5      | Noticed a black bear
   416 | D:4      | Slain by a gnoll sergeant
   417 | D:4      | Quit the game

Illustrated notes

Levels and vault maps discovered:
D:4:      kennysheep_six_static_rooms, layout_loops_ring,
          minmay_temple_entry_statues_fountains, uniq_natasha
D:5:      layout_basic, hangedman_decor_diamond_cutter, uniq_eustachio

Skill      XL: |  1  2 |
---------------+-------+-----
Dodging        | 3 |  3.0
Fighting       | |  3.9
Stealth        | |  6.6
Unarmed Combat | |  2.9
Shapeshifting  | |  0.2

Action                     || total
---------------------------++-------
  Melee: Unarmed           ||    34
         Bite              ||     9
    Use: Potion            ||     1
   Stab: Sleeping          ||     1
 Armour: Skin              ||    11
  Dodge: Dodged            ||    24

Table legend: (Time is in decaauts)
 A = Elapsed time spent in this place.
 B = Non-inter-level travel time spent in this place.
 C = Inter-level travel time spent in this place.
 D = Time resting spent in this place.
 E = Time spent auto-exploring this place.
 F = Levels seen in this place.
 G = Mean time per level.
                   A        B        C        D        E       F      G
               +--------+--------+--------+--------+--------+-----+--------+
         Total |    356 |    356 |      0 |     93 |     82 |   2 |  178.0 |
       Dungeon |    356 |    356 |      0 |     93 |     82 |   2 |  178.0 |
               +--------+--------+--------+--------+--------+-----+--------+

Top non-repeatable levels by time:
     D:4: 255 daAuts
     D:5: 101 daAuts
